Description

0:17 Supply Depot

0:40 Barracks

0:44 Refinery

1:27 Reaper, Orbital Command

1:41 Command Center

1:48 Supply Depot

1:59 Marine

2:10 Factory

2:21 Barracks Reactor

2:40 Command Center

2:50 Orbital Command

3:00 Barracks

3:03 Barracks Tech Lab

3:09 Hellion x2

3:22 Refinery

3:29 Stimpack

3:49 Starport

3:53 Orbital Command

3:54 Factory Reactor

4:04 Supply Depot

4:21 Barracks

4:28 Supply Depot

4:30 Refinery

4:36 Medivac x2, Factory Tech Lab

4:50 Engineering Bay x2

4:50 Refinery

5:10 Starport Reactor

5:20 Barracks x2

5:30 Terran Infantry Weapons Level 1

5:30 Terran Infantry Armor Level 1

6:20 Factory

6:30 Armory

7:00 Command Center

7:30 Terran Infantry Weapons Level 2

7:30 Terran Infantry Armor Level 2

8:10 Barracks x3

9:00 Ghost Academy

Build Order

Get SALT Encoding   

Spawning Tool Build Advisor. Get it on Overwolf

Analysis

make marines and scv s non-stop.

you can make Barracks x3 on 6:30 and push zerg and then make Command Center on 9:00. Don t make Ghost Academy in this variation.

You can go into factories or starport s in lategame.

Stop on 74 scv s and make mass orbital commands and slowly lost you scv t (until remain 20 scv s) in LATEGAME!

Go to:

Details

  • Created by: milkacat
  • Published on: Aug 24, 2024
  • Modified on: Aug 24, 2024
  • Patch: 5.0.11
  • Difficulty: Medium
Show
View Real Time Build Order
Export as new Build Order

Comments (3)

On Feb. 7, 2026, 3:36 p.m., ZhechevFour  said:

On Feb. 18, 2025, 10:16 a.m., GreyestWolf  said:

looks good, probably add 5th gas with 2nd factory?

On Aug. 25, 2024, 5:29 p.m., RayboScrabsC  said:

It is not showing up on the spawning tool overlay.

Create an account to comment!